 Dungeon Crawl Stone Soup version 0.18.1-6-gd335043 (webtiles) character file.

341 MDvedh the Chiller (level 6, 0/45 HPs)
             Began as a Demigod Ice Elementalist on May 19, 2016.
             Slain by a giant frog skeleton (5 damage)
             ... on level 4 of the Dungeon.
             The game lasted 00:07:40 (4652 turns).

MDvedh the Chiller (Demigod Ice Elementalist)       Turns: 4652, Time: 00:07:41

Health: 0/45       AC:  3    Str: 11    XL:     6   Next: 8%
Magic:  11/11      EV: 12    Int: 23    God:
Gold:   133        SH:  0    Dex: 16    Spells: 2 memorised, 3 levels left

rFire  . . .     SeeInvis .     k - +2 hand axe (chop)
rCold  . . .     Gourm    .     s - +0 robe
rNeg   . . .     Faith    .     (no shield)
rPois  .         Spirit   .     (no helmet)
rElec  .         Dismiss  .     i - +0 cloak
rCorr  .         Reflect  .     (no gloves)
SustAt +         Harm     .     (no boots)
MR     .....                    (no amulet)
Stlth  ++........               (no ring)
                                a - ring of flight

@: not resistant to hostile enchantments, unstealthy
A: high mp 1, sustain attributes
a: Evoke Flight


You were on level 4 of the Dungeon.
You were near starving.

You visited 1 branch of the dungeon, and saw 4 of its levels.

You collected 133 gold pieces.

Inventory:

Hand Weapons
 k - a +2 hand axe of chopping (weapon)
Armour
 i - a +0 cloak (worn)
 s - a +0 robe (worn)
Jewellery
 a - a ring of flight (left hand)
 o - an uncursed amulet of regeneration {unknown}
Scrolls
 e - a scroll of amnesia
 f - a scroll of enchant weapon {unknown}
 n - a scroll of magic mapping {unknown}
 q - 2 scrolls of immolation {unknown}
 t - a scroll of fear {unknown}
Potions
 g - 2 potions of cure mutation
 l - a potion of mutation {unknown}
 m - 2 potions of lignification
 p - a potion of flight {unknown}
 r - a potion of heal wounds {unknown}
Books
 b - a book of Frost

   Spells                             Type                      Level
   a - Freeze                         Ice                          1
   b - Throw Frost                    Conjuration/Ice              2
   c - Ozocubu's Armour               Charms/Ice                   3
   d - Throw Icicle                   Conjuration/Ice              4
   e - Summon Ice Beast               Ice/Summoning                4
Comestibles
 c - 2 bread rations
 d - a meat ration
 h - 3 beef jerkies


   Skills:
 - Level 1.7 Dodging
 - Level 1.7 Stealth
 - Level 1.7 Spellcasting
   Level 0.8 Conjurations
 + Level 2.7 Summonings
 + Level 5.7 Ice Magic


You had 3 spell levels left.
You knew the following spells:

 Your Spells              Type           Power        Failure   Level  Hunger
a - Freeze                Ice            ####         1%          1    #......
b - Summon Ice Beast      Ice/Summ       ###.....     24%         4    #####..


Dungeon Overview and Level Annotations

Branches:
Dungeon (4/15)
 Temple: D:4-7

Annotations:
D:4 exclusion: ogre


Innate Abilities, Weirdness & Mutations

You have an increased reservoir of magic (+10% MP).
Your attributes are resistant to harm.


Message History

You freeze the giant frog skeleton.
The giant frog skeleton resists.
The giant frog skeleton completely misses you.
Casting: Freeze
Confirm with . or Enter, or press ? or * to list all spells.
Aiming: Freeze
Press: ? - help, Shift-Dir - straight line, f/p - giant frog skeleton
Aim: a giant frog skeleton You freeze the giant frog skeleton.
The giant frog skeleton resists.
The giant frog skeleton closely misses you.
The giant frog skeleton barely misses you.
You slash the giant frog skeleton! The giant frog skeleton hits you.
* * * LOW HITPOINT WARNING * * *
You barely miss the giant frog skeleton.
The giant frog skeleton closely misses you.
The giant frog skeleton hits you.
* * * LOW HITPOINT WARNING * * *
Drink which item? (? for menu, Esc to quit)
It was a potion of magic.
Magic courses through your body. The giant frog skeleton hits you.
You die...

#.......######[#
#.###.###......#
##+###.#
#......#
#......#
#.......
#......#
#.......
#####......#
#.......
#..........#
#....... ##
#..........#
######## ...
#...@......#
#....... ....
#..Z.......#
#.#..... .....
#....#+###.#
#.#.#...
..=...##....# .#
#.#.....
......†'....+ #
#.###.##
......##....#
#.# #... .....
###### #.# ####
.#.. ....s.Z #.#
# #. #......
#.######


You could see a giant frog skeleton.

Vanquished Creatures
  A giant frog (D:3)
  A scorpion (D:4)
  A hound (D:4)
  An orc priest (D:3)
  A worker ant (D:4)
  4 adders (D:2)
  An ooze (D:3)
  A worm (D:2)
  2 dart slugs
  3 giant geckos
  5 orcs
  A ball python (D:3)
  8 giant cockroaches
  12 goblins
  8 hobgoblins
  8 jackals
  10 kobolds
  3 quokkas
  10 bats
  5 giant newts
  6 rats
92 creatures vanquished.

Notes
Turn   | Place    | Note
--------------------------------------------------------------
     0 | D:1      | MDvedh the Demigod Ice Elementalist began the quest for the Orb.
     0 | D:1      | Reached XP level 1. HP: 14/14 MP: 5/5
    51 | D:1      | Reached skill level 3 in Ice Magic
   482 | D:1      | Reached XP level 2. HP: 7/20 MP: 5/7
   908 | D:1      | HP: 1/20 [goblin/dagger (4)]
  1778 | D:1      | Reached XP level 3. HP: 26/26 MP: 8/8
  1977 | D:2      | Reached skill level 4 in Ice Magic
  2686 | D:2      | Reached XP level 4. HP: 32/33 MP: 9/9
  2882 | D:2      | Learned a level 4 spell: Summon Ice Beast
  3360 | D:3      | Reached skill level 1 in Summonings
  3360 | D:3      | Reached skill level 5 in Ice Magic
  3594 | D:3      | Found a glowing silver altar of Zin.
  3676 | D:3      | Noticed a giant frog
  3683 | D:3      | Killed a giant frog
  3683 | D:3      | Reached XP level 5. HP: 36/38 MP: 7/10
  4397 | D:4      | Noticed an ogre
  4635 | D:4      | Reached XP level 6. HP: 17/45 MP: 7/11
  4652 | D:4      | Slain by a giant frog skeleton

Skill      XL: |  1  2  3  4 |
---------------+-------------+-----
Ice Magic      | 3 4 5 |  5.7
Summonings     | 2 |  2.7
Dodging        | |  1.7
Stealth        | |  1.7
Spellcasting   | |  1.7
Conjurations   | |  0.8

Action                   |  1- 3 |  4- 6 || total
-------------------------+-------+-------++-------
Melee: Unarmed           |    14 |       ||    14
       Dagger            |    18 |       ||    18
       Hand axe          |    60 |    80 ||   140
 Cast: Freeze            |    35 |    33 ||    68
  Use: Scroll            |       |     5 ||     5
       Potion            |       |     1 ||     1
 Stab: Sleeping          |     6 |     5 ||    11
       Distracted        |     1 |       ||     1
  Eat: Chunk             |     6 |     5 ||    11
Armor: Robe              |    38 |    28 ||    66
Dodge: Dodged            |    91 |    73 ||   164
